 Dungeon Crawl Stone Soup version 0.31-a0-836-g3ceb0a68c4 (webtiles) character file.

Game seed: 9002400331786547340

5438 SkeletorGaming the Spear-Bearer (level 10, -3/92 HPs)
             Began as a Hill Orc Fighter on Sept 26, 2023.
             Was a Believer of Beogh.
             Slain by an orc warrior
             ... wielding a +0 halberd
              (5 damage)
             ... on level 8 of the Dungeon.
             The game lasted 00:29:55 (7559 turns).

SkeletorGaming the Spear-Bearer (Hill Orc Fighter)  Turns: 7559, Time: 00:29:56

Health: -3/92      AC: 17    Str: 30    XL:     10   Next: 68%
Magic:  10/10      EV: 11    Int: 14    God:    Beogh [**....]
Gold:   447        SH:  5    Dex: 13    Spells: 9/9 levels left

rFire   . . .        o - +9 spear "Cialo" {holy, rC+ rCorr Dex+3}
rCold   + . .        c - +0 buckler
rNeg    . . .        B - +2 ring mail of the Apothecary {Str+3}
rPois   .            j - +2 hat
rElec   .            (no cloak)
rCorr   +            h - +0 pair of gloves
SInv    .            x - +0 pair of boots
Will    .....        (no amulet)
Stlth   +            g - +4 ring of protection
HPRegen 0.35/turn    H - ring of Ficvais {Str+3 Int+6}
MPRegen 0.12/turn

%: no passive effects
@: no status effects
A: no striking features
a: Renounce Religion, Smiting


You were on level 8 of the Dungeon.
You worshipped Beogh.
Beogh was pleased with you.
You visited 1 branch of the dungeon, and saw 8 of its levels.

You collected 447 gold pieces.

Inventory:

Hand Weapons
 a - a +0 war axe
 o - the +9 spear "Cialo" (weapon) {holy, rC+ rCorr Dex+3}
   (You found it on level 2 of the Dungeon)

   Dex+3:     It affects your dexterity (+3).
   rC+:       It protects you from cold.
   rCorr:     It protects you from acid and corrosion.
 D - the +8 arbalest "Usenin Baim" {speed, rElec}
   (You found it on level 6 of the Dungeon)

   rElec:     It insulates you from electricity.
 E - a +3 trident of draining
Missiles
 m - 7 poisoned darts (quivered)
 u - 2 silver javelins
Armour
 b - a +0 scale mail
 c - a +0 buckler (worn)
 f - a +0 scale mail of poison resistance
 h - a +0 pair of gloves (worn)
 j - a +2 hat (worn)
 p - a +0 plate armour
 x - a +0 pair of boots (worn)
 B - the +2 ring mail of the Apothecary (worn) {Str+3}
   (You found it on level 5 of the Dungeon)

   Str+3:     It affects your strength (+3).
 F - an orb of energy
 G - a +2 robe of fire resistance
Jewellery
 g - a +4 ring of protection (left hand)
 A - a ring of resist corrosion
 H - the ring of Ficvais (right hand) {Str+3 Int+6}
   (You found it on level 6 of the Dungeon)

   [ring of intelligence]

   Str+3:     It affects your strength (+3).
   Int+6:     It affects your intelligence (+6).
Scrolls
 e - 4 scrolls of identify {unknown}
 l - a scroll of amnesia {unknown}
 n - a scroll of fog {unknown}
 q - a scroll of teleportation {unknown}
 r - 2 scrolls of enchant weapon {unknown}
 s - a scroll of immolation {unknown}
 t - 2 scrolls of enchant armour {unknown}
 w - a scroll of noise {unknown}
 y - 2 scrolls of fear {unknown}
 z - a scroll of summoning {unknown}
 C - a scroll of poison {unknown}
 L - a scroll of revelation {unknown}
Potions
 d - 5 potions of might
 i - 2 potions of resistance {unknown}
 k - 10 potions of curing {unknown}
 v - a potion of ambrosia {unknown}
 I - a potion of attraction {unknown}
 J - a potion of mutation {unknown}
 K - a potion of enlightenment {unknown}


   Skills:
 * Level 9.7 Fighting
 - Level 4.3(10.4) Axes
 * Level 12.3(12.6) Polearms
 + Level 0.1 Throwing
 + Level 7.2 Armour
 + Level 2.0 Dodging
 - Level 0.8 Stealth
 + Level 4.1 Shields


You had 9 spell levels left.
You didn't know any spells.
Your spell library contained the following spells:

 Spells                   Type           Power      Damage    Failure   Level
 Sandblast                Erth           0%         2d4       41%         1
 Sting                    Tmut/Pois      0%         1d3       41%         1
 Passwall                 Tmut/Erth      0%         N/A       56%         2
 Poisonous Vapours        Pois/Air       0%         N/A       56%         2
 Stone Arrow              Conj/Erth      0%         3d7       80%         3
 Brom's Barrelling Bould  Conj/Erth      0%         2d3       99%         4
 Olgreb's Toxic Radiance  Pois           0%         N/A       99%         4


Dungeon Overview and Level Annotations

Branches:
Dungeon (8/15)             Temple (0/1) D:7
   Lair: D:8-11

Altars:
Ashenzari
Cheibriados
Elyvilon
Gozag
Hepliaklqana
Kikubaaqudgha
Nemelex Xobeh
Okawaru
Trog
Zin


Message History

You can't go down here!
You can't go up here!
The ogre closely misses you.
You hit the moth of wrath.
The moth of wrath is almost dead.
The ogre barely misses you.
You puncture the moth of wrath!
You kill the moth of wrath!
Beogh accepts your kill.
The orc warrior shoots an arrow.
The arrow barely misses you.
Your Dodging skill increases to level 2!
The orc warrior shoots an arrow.
The arrow barely misses you. The ogre closely misses you.
The orc warrior shoots an arrow.
The arrow hits you.
* * * LOW HITPOINT WARNING * * *
The ogre attacks as it pursues you! The ogre hits you but does no damage.
The orc warrior unwields a +0 orcbow.
The orc warrior wields a +0 halberd.
You block the orc warrior's attack.
The orc warrior hits you but does no damage.
The ogre attacks as it pursues you! The ogre hits you but does no damage.
There is a transporter here.
You enter the transporter and appear at another place.
The orc warrior barely misses you. The ogre hits you with a +0 giant club.
* * * LOW HITPOINT WARNING * * *
The orc warrior hits you but does no damage.
You block the orc warrior's attack. The ogre hits you with a +0 giant club.
* * * LOW HITPOINT WARNING * * *
You block the orc warrior's attack.
The orc warrior attacks as it pursues you!
The orc warrior hits you from afar with a +0 halberd.
* * * LOW HITPOINT WARNING * * *
The ogre rages.
The ogre attacks as it pursues you! The ogre barely misses you.
The orc warrior attacks as it pursues you!
The orc warrior hits you from afar with a +0 halberd.
* * * LOW HITPOINT WARNING * * *
The orc warrior attacks as it pursues you!
The orc warrior hits you from afar with a +0 halberd.
You die...
Beogh appreciates the orc warrior's killing of a heretic priest.

.....))....#..##....#≈##.##.####
...###))...#..#.†)...!....#..##
...# #))...#.©#©.#)._.....#©..#
...# #.....#..#..#≈...##..#....#
######.....#..######.#≈#.##.##.#
.........##..# .#### ..# ..#
........####.o## .. ..# ..
........# ##.O### ..# .... ##
#######.# #..@.# ...# #.#
##.............# #.# #.........
.. ########## # ######## ...
#......# #....#.####.####### #
#.....<#....#....#### #
######.#.#..).))....#


You could see an orc warrior and an ogre (berserk).

Vanquished Creatures
  A two-headed ogre (D:7)
  The ghost of hgbash the Grappler, a novice TrSh (D:8)
  A moth of wrath (D:8)
  Jeremiah (D:6)
  Eustachio (D:4)
  A wyvern (D:6)
  Menkaure (D:6)
  A water moccasin (D:8)
  An orc warrior (D:8)
  2 black bears
  3 ice beasts
  A sky beast (D:6)
  A centaur (D:7)
  3 ogres
  2 phantoms (D:5)
  2 bullfrogs
  2 gnoll sergeants (D:8)
  A scorpion (D:6)
  18 wights
  4 killer bees (D:6)
  A howler monkey (D:6)
  4 hounds
  3 jellies
  A sleepcap (D:6)
  3 iguanas
  2 orc wizards
  10 adders
  8 gnolls
  A shadow imp (D:6)
  A white imp (D:6)
  2 ufetubi
  2 dart slugs
  19 orcs
  9 ball pythons
  12 endoplasms
  2 giant cockroaches (D:1)
  8 hobgoblins
  3 quokkas
  5 bats
  4 frilled lizards
  8 goblins
  12 kobolds
  6 rats
174 creatures vanquished.

Notes
Turn   | Place    | Note
-------+----------+-------------------------------------------
     0 | D:1      | SkeletorGaming the Hill Orc Fighter began the quest for the
                  | Orb.
     0 | D:1      | Reached XP level 1. HP: 19/19 MP: 1/1
   101 | D:1      | Reached XP level 2. HP: 27/27 MP: 2/2
   264 | D:1      | Reached XP level 3. HP: 30/33 MP: 3/3
   309 | D:1      | Found a faded altar of an unknown god.
   535 | D:1      | Found an opulent altar of Gozag.
   818 | D:2      | Identified the +9 spear "Cialo" {holy, rC+ rCorr Dex+3}
   889 | D:2      | Reached XP level 4. HP: 40/40 MP: 4/4
  1305 | D:2      | Reached skill level 1 in Polearms
  1319 | D:2      | Found a sparkling altar of Nemelex Xobeh.
  1997 | D:3      | Reached XP level 5. HP: 44/47 MP: 5/5
  2136 | D:4      | Found a broken altar of Ashenzari.
  2136 | D:4      | Found a glowing silver altar of Zin.
  2192 | D:4      | Became a worshipper of Beogh the Brigand
  2262 | D:4      | Noticed an ogre
  2285 | D:4      | Noticed Eustachio
  2294 | D:4      | Killed an ogre
  2295 | D:4      | Reached skill level 2 in Polearms
  2295 | D:4      | Reached XP level 6. HP: 20/55 MP: 6/6
  2317 | D:4      | Killed Eustachio
  2318 | D:4      | Reached skill level 5 in Fighting
  2318 | D:4      | Reached skill level 4 in Polearms
  2755 | D:4      | Reached XP level 7. HP: 61/61 MP: 7/7
  2764 | D:4      | Reached skill level 5 in Polearms
  3100 | D:5      | Entered Level 5 of the Dungeon
  3112 | D:5      | Reached skill level 6 in Polearms
  3175 | D:5      | Reached skill level 5 in Armour
  3175 | D:5      | Reached XP level 8. HP: 47/70 MP: 8/8
  3282 | D:5      | Found an iron altar of Okawaru.
  3418 | D:5      | Identified the +2 ring mail of the Apothecary {Str+3}
  3597 | D:5      | Reached skill level 7 in Polearms
  3718 | D:6      | Reached * piety under Beogh
  3753 | D:6      | Reached skill level 8 in Polearms
  3754 | D:6      | Noticed a wyvern
  3761 | D:6      | Killed a wyvern
  3801 | D:6      | Identified the +8 arbalest "Usenin Baim" {speed, rElec}
  3838 | D:6      | Reached skill level 9 in Polearms
  3871 | D:6      | Noticed Jeremiah
  3880 | D:6      | Reached skill level 1 in Dodging
  3912 | D:6      | Killed Jeremiah
  3913 | D:6      | Reached XP level 9. HP: 31/79 MP: 9/9
  4119 | D:6      | Noticed Menkaure
  4126 | D:6      | Killed Menkaure
  4363 | D:6      | Identified the ring of Ficvais {Str+3 Int+6}
  4441 | D:6      | Found a white marble altar of Elyvilon.
  4515 | D:6      | Noticed a two-headed ogre
  5689 | D:7      | Killed a two-headed ogre
  5690 | D:7      | Reached skill level 10 in Polearms
  5944 | D:7      | Found a staircase to the Ecumenical Temple.
  6043 | D:7      | Reached skill level 11 in Polearms
  6706 | D:7      | Found a hazy altar of Hepliaklqana.
  6717 | D:7      | Found a snail-covered altar of Cheibriados.
  7024 | D:8      | Reached XP level 10. HP: 89/89 MP: 10/10
  7034 | D:8      | Reached ** piety under Beogh
  7229 | D:8      | Found an ancient bone altar of Kikubaaqudgha.
  7473 | D:8      | Found a transporter.
  7480 | D:8      | Found a bloodstained altar of Trog.
  7480 | D:8      | Noticed a moth of wrath
  7497 | D:8      | Found a transporter.
  7511 | D:8      | Noticed hgbash's ghost (novice TrSh)
  7528 | D:8      | Killed hgbash's ghost
  7529 | D:8      | Reached skill level 12 in Polearms
  7547 | D:8      | Killed a moth of wrath
  7557 | D:8      | HP: 3/92 [orc warrior/+0 halberd (4)]
  7559 | D:8      | Slain by an orc warrior

Illustrated notes

Levels and vault maps discovered:
D:1:      dpeg_arrival_lava_altar, layout_basic,
          shapermc_ecumenical_altar_mp_ritualfount
D:2:      layout_basic, basic_altar, minmay_misc_feat_pillars
D:3:      layout_loops_ring
D:4:      layout_loops_cross, grunt_temple_overflow_open, corexii_shack,
          minivault_1, uniq_eustachio
D:5:      layout_rooms, okawaru_ov_weapons_minmay,
          chequers_serial_rivers_large_b
D:6:      layout_loops_corners, nicolae_elyvilon_temple_path, minmay_bent,
          uniq_jeremiah, uniq_menkaure
D:7:      layout_layer_cave, mainiacjoe_overflow_big_doors,
          minmay_temple_entry_mist
D:8:      layout_basic, nicolae_tso_carved_into_rock, kennysheep_mini_moat,
          gammafunk_temple_overflow_wave, mainiacjoe_overflow_six_doors_small,
          gammafunk_ghost_wrathful_warriors, minmay_misc_feat_five

Skill      XL: |  1  2  3  4  5  6  7  8  9 10 |
---------------+-------------------------------+-----
Axes           | 3 4 |  4.3
Fighting       | 4 5 7 8 9 |  9.7
Polearms       | 1 2 4 6 9 11 12 | 12.3
Armour         | 4 5 6 7 |  7.2
Dodging        | 1 2 |  2.0
Shields        | 4 |  4.1
Throwing       | |  0.1
Stealth        | |  0.8

Action                     |  1- 3 |  4- 6 |  7- 9 | 10-12 || total
---------------------------+-------+-------+-------+-------++-------
  Melee: War axe           |   101 |       |       |       ||   101
         Spear             |     2 |   108 |   230 |   133 ||   473
  Throw: Dart              |       |       |     3 |       ||     3
 Invoke: Convert to Beogh  |       |     1 |       |       ||     1
 Armour: Scale mail        |    78 |     2 |       |       ||    80
         Plate armour      |       |    45 |    12 |       ||    57
         Ring mail         |       |       |    89 |    58 ||   147
  Dodge: Dodged            |    41 |    13 |    74 |    44 ||   172
  Block: Buckler           |    27 |    12 |    19 |    17 ||    75

Table legend: (Time is in decaauts)
 A = Elapsed time spent in this place.
 B = Non-inter-level travel time spent in this place.
 C = Inter-level travel time spent in this place.
 D = Time resting spent in this place.
 E = Time spent auto-exploring this place.
 F = Levels seen in this place.
 G = Mean time per level.
                   A        B        C        D        E       F      G
               +--------+--------+--------+--------+--------+-----+--------+
         Total |   7480 |   7406 |     74 |   1143 |   3367 |   8 |  935.0 |
       Dungeon |   7480 |   7406 |     74 |   1143 |   3367 |   8 |  935.0 |
               +--------+--------+--------+--------+--------+-----+--------+

Top non-repeatable levels by time:
     D:6: 1814 daAuts
     D:7: 1324 daAuts
     D:4: 956 daAuts
     D:2: 808 daAuts
     D:5: 729 daAuts
     D:1: 729 daAuts
     D:3: 633 daAuts
     D:8: 484 daAuts
